 Dungeon Crawl Stone Soup version 0.19-a0-922-gae50766 (webtiles) character file.

50 Etesian the Insei (level 3, -3/29 HPs)
             Began as a Draconian Transmuter on July 6, 2016.
             Slain by a gnoll
             ... wielding a +0 halberd
              (4 damage)
             ... on level 2 of the Dungeon.
             The game lasted 00:02:38 (1569 turns).

Etesian the Insei (Draconian Transmuter)            Turns: 1569, Time: 00:02:39

Health: -3/29      AC:  5    Str: 12    XL:     3   Next: 55%
Magic:  6/6        EV: 12    Int: 13    God:
Gold:   45         SH:  0    Dex: 12    Spells: 2 memorised, 2 levels left

rFire  . . .     SeeInvis .       - Unarmed
rCold  . . .     Gourm    .     (armour unavailable)
rNeg   . . .     Faith    .     (no shield)
rPois  .         Spirit   .     (helmet restricted)
rElec  .         Dismiss  .     (no cloak)
rCorr  .         Reflect  .     (no gloves)
SustAt .         Harm     .     (no boots)
MR     .....                    (no amulet)
Stlth  ++........               (no ring)
                                n - ring of stealth (curse)

@: not resistant to hostile enchantments, unstealthy
A: unfitting armour, cold-blooded, AC +5
a: no special abilities


You were on level 2 of the Dungeon.
You were not hungry.

You visited 1 branch of the dungeon, and saw 2 of its levels.

You collected 45 gold pieces.

Inventory:

Jewellery
 n - a cursed ring of stealth (left hand)
Scrolls
 i - 2 scrolls of remove curse
Potions
 d - a potion of resistance
 e - 2 potions of brilliance
 f - a potion of magic {unknown}
 g - a potion of might {unknown}
 h - a potion of curing {unknown}
 j - a potion of degeneration {unknown}
 k - a potion of lignification {unknown}
Books
 b - a book of Changes

   Spells                             Type                      Level
   a - Beastly Appendage              Transmutation                1
   b - Sticks to Snakes               Transmutation                2
   c - Spider Form                    Transmutation/Poison         3
   d - Ice Form                       Ice/Transmutation            4
   e - Blade Hands                    Transmutation                5
Comestibles
 a - a royal jelly
 c - 3 bread rations


   Skills:
 + Level 2.0 Fighting
 + Level 2.2 Dodging
 * Level 3.4 Unarmed Combat
 - Level 2.0 Spellcasting
 * Level 2.7 Transmutations


You had 2 spell levels left.
You knew the following spells:

 Your Spells              Type           Power        Failure   Level  Hunger
a - Beastly Appendage     Tmut           #.....       10%         1    ##.....
b - Spider Form           Tmut/Pois      #.........   52%         3    ####...


Dungeon Overview and Level Annotations

Branches:
Dungeon (2/15)

Altars:


Innate Abilities, Weirdness & Mutations

Your plain brown scales are hard. (AC +5)
Your body does not fit into most forms of armour.
You are cold-blooded and may be slowed by cold attacks.


Message History

You hit the gnoll.
The gnoll is moderately wounded.
The gnoll closely misses you. The gnoll hits you with a halberd!
You take 10 damage, and have 16/29 hp.
MASSIVE DAMAGE!!
You hit the gnoll.
The gnoll is severely wounded.
Your horns disappear.
The gnoll barely misses you. The gnoll hits you with a halberd.
You take 4 damage, and have 12/29 hp.
You barely miss the gnoll.
You tail-slap the gnoll, but do no damage.
The gnoll is severely wounded.
The gnoll hits you from afar with a halberd!
* * * LOW HITPOINT WARNING * * *
You take 11 damage, and have 1/29 hp.
MASSIVE DAMAGE!!
MP restored: 6 You barely miss the gnoll.
Your tail-slap misses the gnoll.
The gnoll is severely wounded.
The gnoll hits you with a halberd.
You die...

. .
###################.
.#
#...........#.>....
.
#.#########.##.##.#
.# #.# #.#.....# .
.. #.#
#.#..#g.#.##.##
#.###
#.#..#@.#..g...
#...#
#.#.....g......
###.# #.#.##.$#.##..
#.# #.).##.)# # #.#
######..# #.# ...#
#.# ..#.. #.#
##.#### #.# ..


You could see 2 gnolls.

Vanquished Creatures
  A gnoll (D:2)
  A giant gecko (D:1)
  2 giant cockroaches
  4 goblins
  5 hobgoblins
  9 jackals (D:1)
  2 kobolds (D:1)
  A quokka (D:2)
  3 bats
  A giant newt (D:1)
  5 rats
34 creatures vanquished.

Notes
Turn   | Place    | Note
-------+----------+-------------------------------------------
     0 | D:1      | Etesian the Draconian Transmuter began the quest for the Orb.
     0 | D:1      | Reached XP level 1. HP: 16/16 MP: 3/3
   429 | D:1      | Reached XP level 2. HP: 18/24 MP: 5/5
   820 | D:1      | Reached XP level 3. HP: 29/29 MP: 6/6
   840 | D:1      | Learned a level 3 spell: Spider Form
  1568 | D:2      | HP: 1/29 [gnoll/halberd (11)]
  1569 | D:2      | Slain by a gnoll

Vault maps used:
D:1:      nagdon_arrival_double_spiral
D:2:      minmay_diamond_boxcup, old_standard_altar, minmay_misc_feat_diagonals,
          st_stairs_13

Skill      XL: |  1  2  3 |
---------------+----------+-----
Dodging        | 2 |  2.2
Fighting       | 2 |  2.0
Unarmed Combat | |  3.4
Spellcasting   | |  2.0
Transmutations | |  2.7

Action                   || total
-------------------------++-------
Melee: Unarmed           ||   148
       Kick              ||     4
       Tailslap          ||    13
       Punch             ||     4
       Headbutt          ||     3
 Cast: Beastly Appendage ||     5
  Use: Scroll            ||     5
  Eat: Chunk             ||     2
Armor: Skin              ||    46
Dodge: Dodged            ||    98
